 Dungeon Crawl Stone Soup version 0.28.0-43-g3370ac3207 (webtiles) character file.

Game seed: 8650146627370151206

1690 porpoise the Skirmisher (level 9, 0/68 HPs)
             Began as a Djinni Conjurer on Mar 19, 2022.
             Was an Initiate of Ashenzari.
             Slain by a manticore (3 damage)
             ... on level 7 of the Dungeon.
             The game lasted 00:26:41 (8347 turns).

porpoise the Skirmisher (Djinni Conjurer)           Turns: 8347, Time: 00:26:42

Health: 0/68       AC:  7    Str:  8    XL:     9   Next: 22%
Gold:   290        EV: 12    Int: 21    God:    Ashenzari [......] SH:  0 Dex: 17

rFire   + . .      SeeInvis .   b - +1 fustibalus
rCold   x . .      Faith    .   (no shield)
rNeg    . . .      Spirit   .   F - +0 steam dragon scales
rPois   ∞          Reflect  .   (no helmet)
rElec   +          Harm     .   u - +0 cloak
rCorr   .          Rampage  .   t - +0 pair of gloves
Will    .....                   (boots unavailable)
Stlth   +++.......              (no amulet)
HPRegen 0.21/turn               d - ring of Urocutam {Wiz rElec rF- Dex+4}
MPRegen 0.00/turn               (no ring)

@: flying, very slightly contaminated
A: sickness immunity, fire resistance 2, cold vulnerability 1, float, innate
caster, HP casting, extra vitality 1
a: Renounce Religion, Curse Item


You were on level 7 of the Dungeon.
You worshipped Ashenzari.
Ashenzari was noncommittal.
You visited 2 branches of the dungeon, and saw 8 of its levels.

You collected 350 gold pieces.
You spent 60 gold pieces at shops.

Inventory:

Hand Weapons
 a - a +4 dagger
 b - a +1 fustibalus (weapon)
Missiles
 c - 253 stones (quivered ammo)
 e - 164 arrows
 n - 52 sling bullets
 q - 24 bolts
 s - 3 atropa-tipped darts
 y - 7 poisoned darts
 C - 6 boomerangs of dispersal
Armour
 t - a +0 pair of gloves (worn)
 u - a +0 cloak (worn)
 F - +0 steam dragon scales (worn)
Jewellery
 d - the ring of Urocutam (left hand) {Wiz rElec rF- Dex+4}
   (You acquired it on level 7 of the Dungeon)

   [ring of wizardry]

   It improves your spell success rate.
   Dex:       It affects your dexterity (+4).
   rF:        It makes you vulnerable to fire.
   rElec:     It insulates you from electricity.
 E - a ring of protection from cold
Wands
 x - a wand of paralysis (3)
 B - a wand of polymorph (7)
Scrolls
 g - a scroll of vulnerability
 i - 2 scrolls of identify
 j - a scroll of noise
 k - a scroll of summoning
 m - a scroll of brand weapon
 o - a scroll of fear
 p - a scroll of teleportation
 w - a scroll of immolation
 z - a scroll of holy word
Potions
 f - a potion of brilliance
 r - 3 potions of curing
 v - a potion of might
 A - a potion of heal wounds
 D - a potion of invisibility


   Skills:
 * Level 7.1 Fighting
 - Level 2.1 Dodging
 + Level 4.3 Stealth
 * Level 6.4 Spellcasting


You couldn't memorise any spells.
You knew the following spells:

 Your Spells              Type           Power      Damage    Failure   Level
a - Magic Dart            Conj           100%       1d8       1%          1
b - Searing Ray           Conj           66%        2d6       1%          2
c - Fulminant Prism       Conj/Hex       16%        3d11      2%          4
d - Iskenderun's Mystic   Conj/Tloc      33%        2d8       2%          4
h - Ensorcelled Hibernat  Hex/Ice        66%        N/A       1%          2
i - Inner Flame           Hex/Fire       33%        N/A       1%          3
u - Dazzling Flash        Conj/Hex       66%        N/A       1%          3
x - Foxfire               Conj/Fire      100%       2x1d9     1%          1
z - Ozocubu's Armour      Ice            33%        N/A       1%          3
Your spell library was empty.

Dungeon Overview and Level Annotations

Branches:
Dungeon (7/15)             Temple (1/1) D:6

Altars:
Ashenzari
Cheibriados
Dithmenos
Elyvilon
Fedhas
Gozag
Kikubaaqudgha
Nemelex Xobeh
Okawaru
Qazlal
Ru
Sif Muna
Trog
Vehumet
Xom
Yredelemnul
The Shining One

Shops:
D:4 *   D:5 *!   D:6 :*(*:

Annotations:
D:4 1 exclusion
D:7 2 transporters, Konebred's ghost, novice DjCA


Innate Abilities, Weirdness & Mutations

You are immune to sickness and miasma.
You are immune to poison.
Your flesh is very heat resistant. (rF++)
You are vulnerable to cold. (rC-)
You float through the air rather than walking.
You learn spells naturally, not from books.
Your magical power is your life essence.
You have superior vitality. (+4 MHP)


Message History

Aiming: Fulminant Prism (dangerous; 2% risk of failure)
Press: ? - help, Dir - move target You conjure a prism of explosive energy!
A fulminant prism comes into view.
The manticore flicks its tail.
The volley of spikes hits you.
The barbed spikes become lodged in your body.
The barbs in your skin will harm you if you move.
Continue?
The barbed spikes dig painfully into your body as you move.
Your fulminant prism crackles loudly.
Your fulminant prism explodes!
You hear a shout!
Casting: Fulminant Prism (dangerous; 2% risk of failure)
Confirm with . or Enter, or press ? or * to list all spells.
Aiming: Searing Ray (safe; 1% risk of failure)
Press: ? - help, Shift-Dir - straight line, f - manticore
Aim: a manticore (heavily wounded, 88% to hit)
The searing ray misses the manticore. (Press . to maintain the ray.)
* * * LOW HITPOINT WARNING * * *
Unknown command.
The searing ray hits the manticore!
The manticore is severely wounded.
* * * LOW HITPOINT WARNING * * *
The searing ray hits the manticore!
The manticore is severely wounded.
* * * LOW HITPOINT WARNING * * *
You carefully extract the barbed spikes from your body.
The manticore barely misses you. The manticore claws you!
* * * LOW HITPOINT WARNING * * *
The manticore claws you.
* * * LOW HITPOINT WARNING * * *
The searing ray hits the manticore!
The manticore is almost dead.
* * * LOW HITPOINT WARNING * * *
You finish channelling your searing ray.
The manticore bites you.
* * * LOW HITPOINT WARNING * * *
The manticore claws you.
You die...

......#
#©.=(#©..##.......
......#
.#...#..#...[........
.[....#
#.#.....##.##########
##....# #...#.#..#.#
#...#.#..#.# #
.555...##.#
#.###55W###..#
(.##...#####...##
..().)..H@...###
..###...######
#......# ...≈≈≈..#
≈≈≈≈#≈.H. ≈#≈≈≈≈...
≈≈≈#≈≈≈.. #≈ ≈≈#≈..#


You could see a manticore, 5 quasits and Konebred's ghost.

Vanquished Creatures
  A troll (D:6)
  Sigmund (D:5)
  A steam dragon (D:6)
  A sky beast (D:5)
  A black bear (D:5)
  A centaur (D:7)
  A phantom (D:5)
  A bullfrog (D:7)
  A scorpion (D:5)
  3 howler monkeys
  A bullfrog zombie (D:6)
  4 hounds
  Crazy Yiuf (D:5)
  A bullfrog skeleton (D:5)
  5 iguanas
  3 orc wizards
  5 adders
  4 gnolls
  A shadow imp (D:6)
  2 white imps (D:6)
  A dart slug (D:1)
  20 orcs
  5 ball pythons
  6 bats
  4 endoplasms
  3 giant cockroaches
  7 hobgoblins
  2 jackals (D:1)
  6 quokkas
  4 frilled lizards
  4 goblins
  10 kobolds
  8 rats
119 creatures vanquished.

Vanquished Creatures (others)
  21 foxfires
  13 fulminant prisms
34 creatures vanquished.

Grand Total: 153 creatures vanquished

Notes
Turn   | Place    | Note
-------+----------+-------------------------------------------
     0 | D:1      | porpoise the Djinni Conjurer began the quest for the Orb.
     0 | D:1      | Reached XP level 1. HP: 15/15 MP: 0/0
   294 | D:1      | Reached skill level 1 in Fighting
   294 | D:1      | Reached XP level 2. HP: 18/22 MP: 0/0
   556 | D:1      | Reached XP level 3. HP: 7/27 MP: 0/0
   556 | D:1      | Learned a level 1 spell: Foxfire
  1143 | D:1      | Reached skill level 2 in Fighting
  1643 | D:2      | Found a faded altar of an unknown god.
  1787 | D:2      | Reached XP level 4. HP: 30/33 MP: 0/0
  2566 | D:3      | Found an iron altar of Okawaru.
  2624 | D:3      | Noticed an air elemental
  2626 | D:3      | Found a stormy altar of Qazlal.
  2628 | D:3      | Noticed an earth elemental
  2628 | D:3      | Noticed a water elemental
  2628 | D:3      | Noticed a fire elemental
  2766 | D:3      | Found a glowing golden altar of the Shining One.
  3439 | D:4      | Reached XP level 5. HP: 33/40 MP: 0/0
  3439 | D:4      | Learned a level 2 spell: Ensorcelled Hibernation
  3578 | D:4      | Reached skill level 3 in Fighting
  3674 | D:4      | Noticed an ogre
  3949 | D:4      | Found Foac's CLEARANCE SALE!.
  4192 | D:5      | Entered Level 5 of the Dungeon
  4204 | D:5      | Reached XP level 6. HP: 18/46 MP: 0/0
  4480 | D:5      | Found Foywneq's Distillery.
  4508 | D:5      | Bought a potion of heal wounds for 60 gold pieces
  4561 | D:5      | Noticed Sigmund
  4731 | D:5      | Reached skill level 4 in Fighting
  4948 | D:5      | Found Jehil's Gadget Gallery.
  4958 | D:5      | Noticed a sky beast
  4966 | D:5      | Killed a sky beast
  4967 | D:5      | Reached XP level 7. HP: 41/53 MP: 0/0
  4967 | D:5      | Learned a level 3 spell: Ozocubu's Armour
  4994 | D:5      | Reached skill level 5 in Spellcasting
  5768 | D:5      | Found a runed translucent door.
  5769 | D:5      | Noticed Crazy Yiuf
  5776 | D:5      | Killed Crazy Yiuf
  5777 | D:5      | Reached skill level 5 in Fighting
  6005 | D:5      | Killed Sigmund
  6006 | D:5      | Reached XP level 8. HP: 41/60 MP: 0/0
  6292 | D:6      | Found a staircase to the Ecumenical Temple.
  6319 | Temple   | Entered the Ecumenical Temple
  6897 | D:6      | Found a snail-covered altar of Cheibriados.
  6900 | D:6      | Found a sacrificial altar of Ru.
  6905 | D:6      | Found a broken altar of Ashenzari.
  6909 | D:6      | Became a worshipper of Ashenzari the Shackled
  7091 | D:6      | Found Cicaimeh's Book Shoppe.
  7200 | D:6      | Found Peorran's Weapon Emporium.
  7208 | D:6      | Found Vataw's General Store.
  7212 | D:6      | Noticed a troll
  7223 | D:6      | Killed a troll
  7224 | D:6      | Reached skill level 6 in Fighting
  7227 | D:6      | Reached XP level 9. HP: 43/67 MP: 0/0
  7227 | D:6      | Learned a level 3 spell: Inner Flame
  7500 | D:6      | Found Kesic's General Store.
  7620 | D:6      | Found Muffy's Book Shop.
  7741 | D:7      | Identified a scroll of acquirement
  7741 | D:7      | Acquired the ring of Urocutam {Wiz rElec rF- Dex+4}
  7790 | D:7      | Found a transporter.
  7843 | D:7      | Noticed Konebred's ghost (novice DjCA)
  8002 | D:7      | Found a transporter.
  8039 | D:7      | Reached skill level 7 in Fighting
  8106 | D:7      | Found a blossoming altar of Fedhas.
  8334 | D:7      | Noticed a manticore
  8347 | D:7      | HP: 3/68 [manticore (3)]
  8347 | D:7      | Slain by a manticore

Illustrated notes

Levels and vault maps discovered:
D:1:      dpeg_arrival_snail, layout_loops_ring, minmay_misc_feat_secret_circle
D:2:      layout_basic, hellmonk_ecumenical_altar_pennies_from_heaven
D:3:      layout_rooms, okawaru_metal_pillars_3,
          nicolae_qazlal_style_of_elements, nicolae_overflow_squiral,
          minmay_misc_feat_square
D:4:      layout_rooms, minmay_misc_feat_encased, nicolae_shop_clearance
D:5:      layout_basic, serial_shops, nicolae_shop_statue_plus, serial_curves,
          eino_curves_04, eino_curves_01, eino_curves_04, nicolae_shop_gadgets,
          uniq_crazy_yiuf_cottage, uniq_sigmund
D:6:      layout_loops_cross, grunt_temple_overflow_diamond,
          minmay_temple_entry_overgrown, serial_shops, kennysheep_mini_moat,
          shop, kennysheep_mini, nicolae_shop_stone, nicolae_shop_behind_doors
D:7:      layout_basic, old_standard_altar, general_overflow_altar,
          gammafunk_ghost_stat_death, nicolae_lava_and_water
Temple:   compressed_dpeg_triangle_lava_temple

Skill      XL: |  1  2  3  4  5  6  7  8  9 |
---------------+----------------------------+-----
Fighting       | 1 2 3 4 5 6 7 |  7.1
Spellcasting   | 4 5 6 |  6.4
Stealth        | 2 3 4 |  4.3
Dodging        | |  2.1

Action                   |  1- 3 |  4- 6 |  7- 9 || total
-------------------------+-------+-------+-------++-------
Melee: Dagger            |       |     1 |     2 ||     3
 Fire: Fustibalus        |       |     3 |    21 ||    24
Throw: Stone             |       |     1 |       ||     1
 Cast: Magic Dart        |    50 |    33 |       ||    83
       Searing Ray       |     5 |    20 |    31 ||    56
       Foxfire           |       |     4 |     8 ||    12
       Ensorcelled Hiber |       |     2 |     2 ||     4
       Fulminant Prism   |       |     3 |    10 ||    13
       Iskenderun's Myst |       |       |     4 ||     4
       Ozocubu's Armour  |       |       |     1 ||     1
  Use: Scroll            |       |       |    16 ||    16
 Stab: Sleeping          |       |     1 |       ||     1
Armor: Robe              |     2 |     7 |     8 ||    17
       Steam dragon scal |       |       |     1 ||     1
Dodge: Dodged            |     6 |    15 |    15 ||    36
